 Dungeon Crawl Stone Soup version 0.28-a0-664-gc179e30c89 (webtiles) character file.

Game seed: 10297583794933205334

76 acebull12 the Magician (level 4, -1/31 HPs)
             Began as a Djinni Ice Elementalist on Oct 16, 2021.
             Slain by a scorpion (4 damage)
             ... on level 3 of the Dungeon.
             The game lasted 00:21:21 (3968 turns).

acebull12 the Magician (Djinni Ice Elementalist)    Turns: 3968, Time: 00:21:23

Health: -1/31      AC:  5    Str:  7    XL:     4   Next: 57%
Gold:   112        EV: 12    Int: 18    God:
                   SH:  0    Dex: 13

rFire   + + .      SeeInvis .   c - +0 quarterstaff
rCold   x . .      Faith    .   (shield currently unavailable)
rNeg    . . .      Spirit   .   a - +0 robe
rPois   ∞          Reflect  .   e - +0 helmet
rElec   .          Harm     .   n - +0 cloak
rCorr   .          Rampage  .   o - +0 pair of gloves
Will    .....                   (boots unavailable)
Stlth   ++........              (no amulet)
HPRegen 0.10/turn               r - +4 ring of slaying
MPRegen 0.00/turn               (no ring)

@: flying
A: sickness immunity, fire resistance 2, cold vulnerability 1, float, innate
caster, hp casting, extra vitality 1
a: no special abilities


You were on level 3 of the Dungeon.
You visited 1 branch of the dungeon, and saw 4 of its levels.

You collected 112 gold pieces.

Inventory:

Hand Weapons
 c - a +0 quarterstaff (weapon)
Missiles
 f - 105 stones
Armour
 a - a +0 robe (worn)
 e - a +0 helmet (worn)
 h - a +0 scale mail
 n - a +0 cloak (worn)
 o - a +0 pair of gloves (worn)
Jewellery
 r - a +4 ring of slaying (left hand)
Scrolls
 d - a scroll of magic mapping {unknown}
 i - a scroll of vulnerability {unknown}
 j - 2 scrolls of identify {unknown}
 k - a scroll of enchant armour {unknown}
 l - a scroll of immolation {unknown}
 m - a scroll of silence {unknown}
Potions
 b - a potion of heal wounds {unknown}
 g - a potion of berserk rage {unknown}
 p - a potion of haste {unknown}
 q - a potion of lignification {unknown}


   Skills:
 + Level 0.2 Fighting
 * Level 1.2 Staves
 * Level 1.1 Armour
 * Level 2.5 Dodging
 + Level 1.7 Stealth
 * Level 3.9 Spellcasting


You couldn't memorise any spells.
You knew the following spells:

 Your Spells              Type           Power      Damage    Failure   Level
a - Freeze                Ice            68%        1d8       3%          1
b - Frozen Ramparts       Ice            34%        1d5       9%          3
c - Ozocubu's Armour      Ice            17%        N/A       9%          3
d - Hailstorm             Conj/Ice       17%        3d6       28%         4
e - Summon Small Mammal   Summ           68%        N/A       3%          1
Your spell library was empty.

Dungeon Overview and Level Annotations

Branches:
Dungeon (4/15)
 Temple: D:4-7

Altars:
Ashenzari
Elyvilon
Kikubaaqudgha

Shops:
D:1 !   D:3 !

Annotations:
D:1 exclusion: endoplasm
D:2 1 runed translucent door, Crazy Yiuf


Innate Abilities, Weirdness & Mutations

You are immune to sickness and miasma.
You are immune to poison.
Your flesh is very heat resistant. (rF++)
You are vulnerable to cold. (rC-)
You float through the air rather than walking.
You learn spells naturally, not from books.
Your magical power is your life essence.
You have superior vitality. (+4 HP)


Message History

Your quokka dies!
Your quokka's corpse disappears in a puff of smoke!
The quokka closely misses your quokka.
Your quokka completely misses the quokka.
The quokka bites your quokka but does no damage.
Your quokka bites the quokka.
The quokka dies!
Your quokka misses the scorpion. The scorpion stings your quokka!
Your quokka dies!
Your quokka's corpse disappears in a puff of smoke!
You reach down and open the door.
You barely miss the scorpion. The scorpion stings you.
You hit the scorpion.
The scorpion is moderately wounded.
The scorpion closely misses you. The scorpion stings you.
You closely miss the scorpion.
The scorpion is moderately wounded.
The scorpion stings you.
* * * LOW HITPOINT WARNING * * *
There is an open door here.
The scorpion closely misses you. The scorpion closely misses you.
There is an open door here.
The scorpion completely misses you.
The scorpion stings you but does no damage.
The scorpion stings you.
The scorpion stings you but does no damage.
You see here a +0 war axe.
The scorpion stings you!
* * * LOW HITPOINT WARNING * * *
Casting: Summon Small Mammal (safe; 3% risk of failure)
Confirm with . or Enter, or press ? or * to list all spells.
Aiming: Freeze (safe; 3% risk of failure)
Press: ? - help, Shift-Dir - straight line, f - scorpion
Aim: a scorpion (lightly wounded)
You freeze the scorpion.
The scorpion is heavily wounded.
* * * LOW HITPOINT WARNING * * *
The scorpion stings you.
You die...

#.....##.#.>.##.#####..###..
#.....##.##.................
#........##.###.###########.
#......#......#.# #.
#......#.##.#.#.###########.
##+##..#.##.#.#.##..........
#.##........)..............
#.....#.##s#.#.##.#........
####.....#@#.#.##.###......
#######.#...##.#####....
#.######.......... #.#
#######.##. #.# #.....
##'###### #..### #.......#
#.....
######.......######.####
#....<.......'......# #


You could see a scorpion.

Vanquished Creatures
  3 gnolls (D:3)
  2 adders
  3 ball pythons
  2 bats
  An endoplasm (D:2)
  A giant cockroach (D:1)
  4 goblins (D:1)
  4 hobgoblins
  3 kobolds
  A quokka (D:2)
  A frilled lizard (D:1)
  A quokka skeleton (D:4)
  A rat (D:1)
27 creatures vanquished.

Vanquished Creatures (collateral kills)
  A quokka (D:3)
  A ball python (D:3)
2 creatures vanquished.

Grand Total: 29 creatures vanquished

Notes
Turn   | Place    | Note
-------+----------+-------------------------------------------
     0 | D:1      | acebull12 the Djinni Ice Elementalist began the quest for
                  | the Orb.
     0 | D:1      | Reached XP level 1. HP: 15/15 MP: 0/0
    21 | D:1      | Found Tigywo's Distillery.
   349 | D:1      | Found a faded altar of an unknown god.
   371 | D:1      | Reached XP level 2. HP: 21/21 MP: 0/0
  1267 | D:2      | Reached XP level 3. HP: 13/25 MP: 0/0
  1267 | D:2      | Learned a level 1 spell: Summon Small Mammal
  2035 | D:2      | Found a runed translucent door.
  2036 | D:2      | Noticed Crazy Yiuf
  2395 | D:3      | Found a broken altar of Ashenzari.
  2604 | D:3      | Found Koyg's Distillery.
  2773 | D:4      | Found a white marble altar of Elyvilon.
  2862 | D:3      | Reached skill level 1 in Armour
  2862 | D:3      | Reached XP level 4. HP: 10/31 MP: 0/0
  3183 | D:3      | Reached skill level 1 in Staves
  3729 | D:4      | Noticed a scorpion
  3968 | D:3      | Slain by a scorpion

Illustrated notes

Levels and vault maps discovered:
D:1:      amcnicky_arrival_underground_garden, layout_rooms,
          shapermc_ecumenical_altar_mp_urbaneastern, serial_shops,
          nicolae_shop_crystal
D:2:      layout_basic, chequers_serial_rivers_small_3,
          amcnicky_mini_pool_small, uniq_crazy_yiuf_cottage
D:3:      layout_basic, mainiacjoe_overflow_large_starburst, serial_shops, shop
D:4:      layout_rooms, mainiacjoe_overflow_small_starburst, elyvilon_altar_5,
          kennysheep_pointless_box, ebering_dispersal_statue_hall,
          kennysheep_potato

Skill      XL: |  1  2  3  4 |
---------------+-------------+-----
Armour         | 1 |  1.1
Staves         | 1 |  1.2
Fighting       | |  0.2
Dodging        | |  2.5
Stealth        | |  1.7
Spellcasting   | |  3.9

Action                   |  1- 3 |  4- 6 || total
-------------------------+-------+-------++-------
Melee: Quarterstaff      |    43 |    28 ||    71
Throw: Stone             |     1 |       ||     1
 Cast: Freeze            |    20 |     5 ||    25
       Summon Small Mamm |     4 |    10 ||    14
 Stab: Sleeping          |     1 |       ||     1
Armor: Robe              |    13 |    13 ||    26
Dodge: Dodged            |    28 |    40 ||    68

Table legend: (Time is in decaauts)
 A = Elapsed time spent in this place.
 B = Non-inter-level travel time spent in this place.
 C = Inter-level travel time spent in this place.
 D = Time resting spent in this place.
 E = Time spent auto-exploring this place.
 F = Levels seen in this place.
 G = Mean time per level.
                   A        B        C        D        E       F      G
               +--------+--------+--------+--------+--------+-----+--------+
         Total |   3997 |   3695 |    302 |   1290 |   1656 |   4 |  999.2 |
       Dungeon |   3997 |   3695 |    302 |   1290 |   1656 |   4 |  999.2 |
               +--------+--------+--------+--------+--------+-----+--------+

Top non-repeatable levels by time:
     D:3: 1770 daAuts
     D:2: 1147 daAuts
     D:1: 1007 daAuts
     D:4: 72 daAuts
